 Dungeon Crawl Stone Soup version 0.28-a0-674-gdaf460b524 (webtiles) character file.

Game seed: 3594429314717611208

151 flotson the Sneak (level 5, 0/42 HPs)
             Began as a Demonspawn Delver on Oct 17, 2021.
             Slain by Sigmund (12 damage)
             ... on level 2 of the Dungeon.
             The game lasted 00:05:20 (1971 turns).

flotson the Sneak (Demonspawn Delver)               Turns: 1971, Time: 00:05:21

Health: 0/42       AC:  5    Str: 13    XL:     5   Next: 10%
Magic:  5/5        EV: 11    Int: 11    God:
Gold:   37         SH:  0    Dex: 15    Spells: 4/4 levels left

rFire   . . .      SeeInvis .   a - +0 quarterstaff
rCold   . . .      Faith    .   (shield currently unavailable)
rNeg    . . .      Spirit   .   m - +0 ring mail
rPois   .          Reflect  .   (no helmet)
rElec   .          Harm     .   (no cloak)
rCorr   .          Rampage  .   (no gloves)
Will    .....                   (no boots)
Stlth   ++........              (no amulet)
HPRegen 0.14/turn               (no ring)
MPRegen 0.09/turn               (no ring)

@: no status effects
A: hooves 1, demonic guardian 1, foul stench 1
a: no special abilities


You were on level 2 of the Dungeon.
You visited 1 branch of the dungeon, and saw 4 of its levels.
You also visited: Sewer.

You collected 37 gold pieces.

Inventory:

Hand Weapons
 a - a +0 quarterstaff (weapon)
 b - a +2 mace of protection
 h - a +0 hand axe
 j - a +0 trident
Missiles
 n - a boomerang (quivered)
 s - 5 poisoned darts
Armour
 m - a +0 ring mail (worn)
Jewellery
 v - an amulet of the acrobat
Wands
 g - a wand of digging (2)
Scrolls
 c - 4 scrolls of fog
 d - a scroll of magic mapping
 e - 2 scrolls of fear
 l - 2 scrolls of identify {unknown}
 q - 2 scrolls of blinking {unknown}
 w - a scroll of enchant weapon {unknown}
Potions
 f - 2 potions of haste
 i - a potion of curing {unknown}
 k - a potion of flight {unknown}
 o - a potion of mutation {unknown}
 p - a potion of brilliance {unknown}
 r - a potion of heal wounds
 t - a potion of experience {unknown}
 u - a potion of attraction {unknown}


   Skills:
 + Level 3.7 Fighting
 + Level 2.6 Axes
 + Level 1.6 Throwing
 + Level 1.7 Armour
 + Level 2.6 Dodging
 - Level 4.5 Stealth


You had 4 spell levels left.
You didn't know any spells.
Your spell library contained the following spells:

 Spells                   Type           Power      Damage    Failure   Level
 Sublimation of Blood     Necr           0%         N/A       75%         2
 Wereblood                Tmut           0%         N/A       75%         2
 Summon Hydra             Summ           0%         N/A       100%        7


Dungeon Overview and Level Annotations

Branches:
Dungeon (5/15)              Sewer (visited)
 Temple: D:4-7

Altars:
Trog
Vehumet

Shops:
D:3 [

Annotations:
D:2 Sigmund


Innate Abilities, Weirdness & Mutations

You have large cloven feet.
A weak demonic guardian rushes to your aid.
You may rarely emit foul miasma when damaged in melee.


Message History

Sigmund is severely wounded.
Sigmund hits you with a +0 scythe.
Unknown command.
You barely miss Sigmund. You kick Sigmund, but do no damage.
Sigmund is severely wounded.
Sigmund drinks a potion.
Sigmund is healed!
You barely miss Sigmund. You kick Sigmund, but do no damage.
Sigmund hits you but does no damage.
Unknown command.
You hit Sigmund. You kick Sigmund, but do no damage.
Sigmund is lightly wounded.
Sigmund closely misses you.
Unknown command.
You closely miss Sigmund. Your kick misses Sigmund.
Sigmund is lightly wounded.
Unknown command.
You hit Sigmund.
Sigmund is lightly wounded.
Sigmund mumbles some strange words.
Sigmund flickers and vanishes!
Deactivating autopickup; reactivate with Ctrl-A.
Something hits you.
Unknown command.
No target in view!
Unknown command.
No target in view!
No target in view!
You miss something. You kick something. Something hits you.
You closely miss something. You miss something. Something hits you!
You barely miss something. Something hits you but does no damage.
You miss something. Something hits you.
You hit something but do no damage. Your kick misses something.
You hear some strange, mumbled words.
A magic dart appears from out of thin air!
The magic dart hits you!
* * * LOW HITPOINT WARNING * * *
A demonic guardian appears!
You barely miss something. Your kick misses something. Something hits you!
You die...

########## ###### ##........#
#....#
..........######....#######
.........†+....{.5.......>#
..........#.####@......##.#
##...........# #.......##.#######
#...........####'##...##.##.....
.#........†........#...##.##.###.
...#######.........#...+..##.# #.
...#####...........#...##.##.# #.
.....#...@....###.##...#.....# #.
.....#........# #........##### #.
.....#........###.......########.


You could see a friendly quasit (summoned).

Vanquished Creatures
  2 river rats (Sewer)
  3 adders (Sewer)
  A worm (Sewer)
  4 ball pythons
  3 endoplasms (Sewer)
  3 giant cockroaches (D:3)
  3 goblins
  3 quokkas (D:3)
  2 bats (D:2)
  A frilled lizard (D:3)
  A jackal skeleton (D:4)
  8 kobolds
  3 rats
37 creatures vanquished.

Vanquished Creatures (collateral kills)
  A kobold brigand (Sewer)
1 creature vanquished.

Grand Total: 38 creatures vanquished

Notes
Turn   | Place    | Note
-------+----------+-------------------------------------------
     0 | D:5      | flotson the Demonspawn Delver began the quest for the Orb.
     0 | D:5      | Reached XP level 1. HP: 18/18 MP: 1/1
     1 | D:5      | Noticed an iguana
   102 | D:5      | Noticed an iguana
   211 | D:5      | Noticed an iguana
   544 | D:4      | Found a bloodstained altar of Trog.
   621 | D:3      | Found Regett's Antique Armour Emporium.
   638 | D:3      | Gained mutation: A weak demonic guardian rushes to your
                  | aid. [demonic ancestry]
   638 | D:3      | Reached XP level 2. HP: 20/24 MP: 2/2
   684 | D:3      | Found a glowing drain.
   693 | Sewer    | Entered a sewer
  1017 | Sewer    | Reached skill level 1 in Armour
  1017 | Sewer    | Gained mutation: You may rarely emit foul miasma when
                  | damaged in melee. [demonic ancestry]
  1017 | Sewer    | Reached XP level 3. HP: 26/29 MP: 3/3
  1166 | Sewer    | Reached skill level 1 in Throwing
  1368 | Sewer    | Reached XP level 4. HP: 27/35 MP: 4/4
  1464 | Sewer    | Noticed a kobold brigand
  1489 | Sewer    | Killed a kobold brigand
  1490 | Sewer    | Gained mutation: You have large cloven feet. [demonic
                  | ancestry]
  1490 | Sewer    | Reached XP level 5. HP: 20/42 MP: 5/5
  1767 | D:2      | Found a radiant altar of Vehumet.
  1926 | D:2      | Noticed Sigmund
  1971 | D:2      | Slain by Sigmund

Illustrated notes

Levels and vault maps discovered:
D:2:      layout_basic, basic_altar, serial_corexii_hall,
          corexii_hall_statues_s, chequers_hall_statues_corner_a,
          corexii_hall_statues_u, minmay_goblin_outpost, uniq_sigmund
D:3:      layout_basic, serial_shops, nicolae_lakefront_shop,
          portal_sewer_entry_f
D:4:      layout_rooms, kennysheep_mini, chequers_serial_rivers_marsh
D:5:      layout_basic, minmay_circle_x

Skill      XL: |  1  2  3 |
---------------+----------+-----
Axes           | 2 |  2.6
Dodging        | 2 |  2.6
Armour         | 1 |  1.7
Throwing       | 1 |  1.6
Fighting       | |  3.7
Stealth        | |  4.5

Action                   |  1- 3 |  4- 6 || total
-------------------------+-------+-------++-------
Melee: Quarterstaff      |    70 |    40 ||   110
       Kick              |       |     9 ||     9
Throw: Boomerang         |    22 |     3 ||    25
Evoke: Wand              |     1 |       ||     1
  Use: Scroll            |     1 |       ||     1
 Stab: Sleeping          |     2 |     1 ||     3
Armor: Ring mail         |    32 |    14 ||    46
Dodge: Dodged            |    52 |    21 ||    73

Table legend: (Time is in decaauts)
 A = Elapsed time spent in this place.
 B = Non-inter-level travel time spent in this place.
 C = Inter-level travel time spent in this place.
 D = Time resting spent in this place.
 E = Time spent auto-exploring this place.
 F = Levels seen in this place.
 G = Mean time per level.
                   A        B        C        D        E       F      G
               +--------+--------+--------+--------+--------+-----+--------+
         Total |   2095 |   2023 |     72 |    196 |   1228 |   5 |  419.0 |
       Dungeon |    960 |    888 |     72 |      6 |    516 |   4 |  240.0 |
         Sewer |   1135 |   1135 |      0 |    190 |    711 |   1 | 1135.0 |
               +--------+--------+--------+--------+--------+-----+--------+

Top non-repeatable levels by time:
   Sewer: 1135 daAuts
     D:4: 313 daAuts
     D:5: 244 daAuts
     D:2: 211 daAuts
     D:3: 190 daAuts
